 Dungeon Crawl Stone Soup version 0.31.0-4-g52a2dc7128 (webtiles) character file.

Game seed: 7848158955834021188

166 stipulation the Ruffian (level 5, -1/45 HPs)
             Began as a Ghoul Monk on Jan 21, 2024.
             Slain by an orc wizard
             ... wielding a +0 dagger
              (2 damage)
             ... on level 4 of the Dungeon.
             The game lasted 00:01:13 (2149 turns).

stipulation the Ruffian (Ghoul Monk)                Turns: 2149, Time: 00:01:14

Health: -1/45      AC:  4    Str: 17    XL:     5   Next: 47%
Magic:  5/5        EV: 12    Int:  9    God:
Gold:   156        SH:  0    Dex: 11    Spells: 4/4 levels left

rFire   . .          .
                       - Unarmed
rCold   + . .        c - orb {light}
rNeg    + + +        a - +0 robe
rPois   ∞            g - +0 helmet
rElec   .            (no cloak)
rCorr   .            (no gloves)
SInv    .            h - +0 pair of boots
Will    .....        (no amulet)
Stlth   +            (no ring)
HPRegen 0.00/turn    (no ring)
MPRegen 0.09/turn

%: no passive effects
@: inhibited regen, glowing
A: claws 1, cold resistance 1, negative energy resistance 3, inhibited
regeneration, torment resistance 2, devour on kill
a: no special abilities


You were on level 4 of the Dungeon.
You visited 1 branch of the dungeon, and saw 4 of its levels.

You collected 156 gold pieces.

Inventory:

Armour
 a - a +0 robe (worn)
 c - an orb of light (worn)
 g - a +0 helmet (worn)
 h - a +0 pair of boots (worn)
Scrolls
 e - a scroll of revelation {unknown}
 f - 4 scrolls of identify {unknown}
 j - a scroll of immolation {unknown}
 k - a scroll of torment {unknown}
 l - a scroll of acquirement {unknown}
 n - a scroll of teleportation {unknown}
Potions
 b - a potion of ambrosia
 d - 2 potions of enlightenment {unknown}
 i - a potion of haste {unknown}
 m - a potion of might {unknown}
 o - 2 potions of degeneration {unknown}


   Skills:
 - Level 3.2 Fighting
 - Level 2.6 Dodging
 + Level 6.6 Unarmed Combat


You had 4 spell levels left.
You didn't know any spells.
Your spell library contained the following spells:

 Spells                   Type           Power      Damage    Failure   Level
 Ensorcelled Hibernation  Hex/Ice        0%         N/A       52%         2
 Lesser Beckoning         Tloc           0%         N/A       52%         2
 Gell's Gravitas          Tloc           0%         N/A       77%         3
 Passwall                 Erth           0%         N/A       77%         3
 Swiftness                Air            0%         N/A       77%         3
 Teleport Other           Tloc           0%         N/A       77%         3
 Vhi's Electric Charge    Tloc/Air       0%         N/A       99%         4
 Arcjolt                  Conj/Air       0%         1d10      100%        5
 Maxwell's Capacitive Co  Air            0%         ∞         100%        8


Dungeon Overview and Level Annotations

Branches:
Dungeon (4/15)
 Temple: D:4-7

Altars:
Hepliaklqana

Shops:
D:3 :


Innate Abilities, Weirdness & Mutations

You are immune to poison.
You have sharp fingernails.
Your flesh is cold resistant. (rC+)
You are immune to negative energy. (rN+++)
You do not regenerate when monsters are visible.
You are immune to unholy pain and torment.
You thrive by killing the living.


Message History

You bump into the stone wall.
The orc wizard hits you with a +1 dagger of venom.
The orc wizard closely misses you.
The orc wizard hits you with a +0 dagger.
The orc wizard misses you.
You bump into the stone wall.
The orc wizard closely misses you.
The orc wizard hits you with a +2 dagger of protection.
The orc wizard barely misses you.
The orc wizard hits you with a +0 dagger.
You bump into the rock wall.
The orc wizard hits you with a +1 dagger of venom.
The orc wizard closely misses you.
The orc wizard points at you and mumbles some strange words.
The magic dart hits you.
The orc wizard hits you with a +0 dagger.
You claw the orc wizard!
The orc wizard is severely wounded.
The orc wizard hits you but does no damage.
The orc wizard hits you with a +2 dagger of protection.
The orc wizard casts a spell at you. The puff of flame hits you.
The orc wizard hits you with a +0 dagger.
* * * LOW HITPOINT WARNING * * *
You scratch the orc wizard.
The orc wizard is almost dead.
You're too confused to move!
The orc wizard hits you but does no damage.
The orc wizard closely misses you.
The orc wizard hits you but does no damage.
The orc wizard barely misses you.
You bump into the stone wall.
You feel less confused.
The orc wizard casts a spell.
The orc wizard flickers and vanishes for a moment.
The orc wizard casts a spell at you. The puff of flame hits you!
* * * LOW HITPOINT WARNING * * *
The orc wizard closely misses you.
The orc wizard hits you with a +0 dagger.
You die...

##########
#.oo@o...#
#..oo#####
#....#
#....#
#....#
.....#
##....#
.....#


You could see 4 orc wizards and an orc.

Vanquished Creatures
  8 adders
  2 gnolls (D:1)
  A ribbon worm (D:2)
  5 bats
  10 endoplasms (D:1)
  2 giant cockroaches (D:1)
  4 goblins
  3 hobgoblins
  10 jackals
  4 quokkas
  7 ball pythons
  3 frilled lizards
  5 kobolds
  7 rats
71 creatures vanquished.

Notes
Turn   | Place    | Note
-------+----------+-------------------------------------------
     0 | D:1      | stipulation the Ghoul Monk began the quest for the Orb.
     0 | D:1      | Reached XP level 1. HP: 19/19 MP: 1/1
     2 | D:1      | Found a runed translucent door.
   164 | D:1      | Reached XP level 2. HP: 26/26 MP: 2/2
   325 | D:1      | Reached skill level 4 in Unarmed Combat
   531 | D:1      | Reached XP level 3. HP: 27/31 MP: 3/3
   621 | D:1      | Reached skill level 5 in Unarmed Combat
   995 | D:1      | Reached XP level 4. HP: 38/38 MP: 4/4
  1433 | D:2      | Reached skill level 6 in Unarmed Combat
  1509 | D:2      | Reached XP level 5. HP: 45/45 MP: 5/5
  1822 | D:3      | Found a hazy altar of Hepliaklqana.
  2105 | D:3      | Found Poiten's Book Boutique.
  2149 | D:4      | HP: 1/45 [orc wizard/puff of flame (10)]
  2149 | D:4      | Slain by an orc wizard

Illustrated notes

Levels and vault maps discovered:
D:1:      dpeg_arrival_caged_fury, layout_basic
D:2:      layout_basic, grunt_ministairs_2
D:3:      layout_basic, nicolae_hepliaklqana_hippocampus, serial_shops, shop,
          minivault_14
D:4:      layout_rooms, uniq_menkaure, uniq_crazy_yiuf_cottage

Skill      XL: |  1  2  3  4 |
---------------+-------------+-----
Unarmed Combat | 4 5 6 |  6.6
Fighting       | |  3.2
Dodging        | |  2.6

Action                     |  1- 3 |  4- 6 || total
---------------------------+-------+-------++-------
  Melee: Unarmed           |    81 |    98 ||   179
 Armour: Robe              |    27 |    69 ||    96
  Dodge: Dodged            |    61 |    92 ||   153
